 Dungeon Crawl Stone Soup version 0.26-a0-660-gc07710193c (webtiles) character file.

Game seed: 12163224368949111748

177 jiml777 the Grasshopper (level 5, 0/43 HPs)
             Began as a Gnoll Warper on Oct 6, 2020.
             Slain by an adder (1 damage)
             ... on level 3 of the Dungeon.
             The game lasted 00:07:41 (2333 turns).

jiml777 the Grasshopper (Gnoll Warper)              Turns: 2333, Time: 00:07:41

Health: 0/43       AC: 11    Str: 13    XL:     5   Next: 57%
Magic:  12/12      EV:  4    Int: 16    God:
Gold:   110        SH:  4    Dex: 15    Spells: 14/14 levels left

rFire    . . .     SeeInvis .   a - +0 spear
rCold    . . .     Faith    .   h - +0 buckler
rNeg     . . .     Spirit   .   k - +0 plate armour
rPois    .         Reflect  .   (no helmet)
rElec    .         Harm     .   (no cloak)
rCorr    .         Rampage  .   (no gloves)
MR       .....                  (no boots)
Stlth    ..........             o - amulet of magic regeneration
HPRegen  0.14/turn              (no ring)
MPRegen  0.38/turn              (no ring)

@: lethally poisoned (0 -> -1)
A: distributed training, fangs 1, strong nose
a: no special abilities


You were on level 3 of the Dungeon.
You visited 1 branch of the dungeon, and saw 3 of its levels.

You collected 110 gold pieces.

Inventory:

Hand Weapons
 a - a +0 spear (weapon)
Missiles
 e - 5 boomerangs of dispersal (quivered)
 g - 16 bolts
 n - 73 sling bullets
 p - 25 arrows
 q - 2 javelins
Armour
 b - a +0 leather armour
 h - a +0 buckler (worn)
 k - a +0 plate armour (worn)
 m - a scarf of harm
Jewellery
 o - an amulet of magic regeneration (around neck)
Scrolls
 d - a scroll of blinking
 f - 2 scrolls of remove curse
 i - 3 scrolls of fear {unknown}
 j - a scroll of identify {unknown}
 l - 2 scrolls of fog {unknown}
 r - a scroll of teleportation {unknown}
Potions
 c - 4 potions of curing {unknown}


   Skills:
 + Level 4.8 Fighting
 + Level 1.5 Short Blades
 + Level 1.5 Long Blades
 + Level 1.5 Axes
 + Level 1.5 Maces & Flails
 + Level 4.8 Polearms
 + Level 1.5 Staves
 + Level 1.5 Slings
 + Level 1.5 Bows
 + Level 1.5 Crossbows
 + Level 3.0 Throwing
 + Level 3.0 Armour
 + Level 4.8 Dodging
 + Level 1.5 Stealth
 + Level 1.5 Shields
 + Level 1.5 Unarmed Combat
 + Level 5.2 Spellcasting
 + Level 1.2 Conjurations
 + Level 1.2 Hexes
 + Level 1.2 Summonings
 + Level 1.2 Necromancy
 + Level 5.5 Translocations
 + Level 1.2 Transmutations
 + Level 1.2 Fire Magic
 + Level 1.2 Ice Magic
 + Level 1.2 Air Magic
 + Level 1.2 Earth Magic
 + Level 1.2 Poison Magic
 + Level 1.7 Invocations
 + Level 1.5 Evocations


You had 14 spell levels left.
You didn't know any spells.
Your spell library contained the following spells:

 Spells                   Type           Power        Failure   Level
 Blink                    Tloc           N/A          99%         2
 Gell's Gravitas          Tloc           ###.......   100%        3
 Lesser Beckoning         Tloc           ###.......   100%        3
 Teleport Other           Tloc           ###.....     100%        3
 Passage of Golubria      Tloc           N/A          100%        4


Dungeon Overview and Level Annotations

Branches:
Dungeon (3/15)

Altars:
Dithmenos
Ru

Annotations:
D:3 Grinder


Innate Abilities, Weirdness & Mutations

Your experience applies equally to all skills.
You have very sharp teeth.
Your uncanny sense of smell can sniff out nearby items.


Message History

Grinder hits you but does no damage.
You hit the adder.
The adder is heavily wounded.
The adder bites you but does no damage. Grinder barely misses you.
You completely miss the adder.
The adder is heavily wounded.
The adder bites you but does no damage.
You hit Grinder but do no damage.
You feel sick. Grinder hits you.
You writhe in agony.
* * * LOW HITPOINT WARNING * * *
You block the adder's attack.
You closely miss Grinder. You bite Grinder, but do no damage.
The adder bites you but does no damage. Grinder hits you.
* * * LOW HITPOINT WARNING * * *
You writhe in agony.
* * * LOW HITPOINT WARNING * * *
You hit Grinder. You bite Grinder, but do no damage.
Grinder is lightly wounded.
The adder bites you.
You die...

∆
.....................##
##....#.####.....#.#
#....#)# ##...##.#
#....#.# ##...# #
#....#.# .#.# #....#.#
.... #...†..#
##..########
#.#.@S..!.# #.#5#####.#
#.#.# ..... #.#.# #.#.#
∆ #.... P..


You could see Grinder and an adder.

Vanquished Creatures
  2 orc priests (D:2)
  An orc wizard (D:2)
  3 adders (D:2)
  A worm (D:2)
  2 dart slugs
  2 leopard geckos
  4 orcs (D:3)
  3 ball pythons (D:2)
  5 bats
  3 giant cockroaches
  5 goblins
  A hobgoblin (D:1)
  3 jackals (D:2)
  A quokka (D:2)
  3 frilled lizards
  10 kobolds
  5 rats
54 creatures vanquished.

Vanquished Creatures (others)
  A plant (D:3)
1 creature vanquished.

Grand Total: 55 creatures vanquished

Notes
Turn   | Place    | Note
-------+----------+-------------------------------------------
     0 | D:1      | jiml777 the Gnoll Warper began the quest for the Orb.
     0 | D:1      | Reached XP level 1. HP: 20/20 MP: 6/6
   261 | D:1      | Reached XP level 2. HP: 26/26 MP: 7/7
   756 | D:2      | Found a sacrificial altar of Ru.
   785 | D:2      | Reached skill level 5 in Spellcasting
   785 | D:2      | Reached skill level 1 in Invocations
   785 | D:2      | Reached XP level 3. HP: 31/31 MP: 7/9
   860 | D:2      | Reached skill level 1 in Short Blades
   860 | D:2      | Reached skill level 1 in Long Blades
   860 | D:2      | Reached skill level 1 in Axes
   860 | D:2      | Reached skill level 1 in Maces & Flails
   860 | D:2      | Reached skill level 1 in Staves
   860 | D:2      | Reached skill level 1 in Slings
   860 | D:2      | Reached skill level 1 in Bows
   860 | D:2      | Reached skill level 1 in Crossbows
   860 | D:2      | Reached skill level 1 in Stealth
   860 | D:2      | Reached skill level 1 in Shields
   860 | D:2      | Reached skill level 1 in Unarmed Combat
   860 | D:2      | Reached skill level 1 in Evocations
   860 | D:2      | Reached XP level 4. HP: 26/38 MP: 11/11
  1419 | D:2      | Reached skill level 1 in Conjurations
  1419 | D:2      | Reached skill level 1 in Hexes
  1419 | D:2      | Reached skill level 1 in Summonings
  1419 | D:2      | Reached skill level 1 in Necromancy
  1419 | D:2      | Reached skill level 1 in Transmutations
  1419 | D:2      | Reached skill level 1 in Fire Magic
  1419 | D:2      | Reached skill level 1 in Ice Magic
  1419 | D:2      | Reached skill level 1 in Air Magic
  1419 | D:2      | Reached skill level 1 in Earth Magic
  1419 | D:2      | Reached skill level 1 in Poison Magic
  1542 | D:2      | Found a shadowy altar of Dithmenos.
  1959 | D:2      | Reached XP level 5. HP: 19/43 MP: 12/12
  2319 | D:3      | Noticed Grinder
  2332 | D:3      | HP: 1/43 [Grinder (2)]
  2333 | D:3      | Slain by an adder

Illustrated notes

Levels and vault maps discovered:
D:1:      doesnt_arrival_eight_statues, layout_basic, serial_glass,
          glass_columns_b, glass_columns_a, glass_columns_b, glass_columns_a,
          glass_columns_b, glass_columns_a, glass_columns_a, glass_columns_c,
          glass_columns_c, glass_columns_b, glass_columns_c, glass_columns_c,
          glass_columns_c, glass_columns_a, minmay_strange_pillars
D:2:      layout_basic, nicolae_ru_great_annihilating_truth,
          overflow_temple_1_default, minmay_tripent
D:3:      layout_loops_cross, minmay_misc_feat_rows, serial_bayou_pond_a,
          tgw_trog, uniq_ijyb, uniq_natasha, uniq_grinder

Skill      XL: |  1  2  3  4  5 |
---------------+----------------+-----
Spellcasting   | 5 |  5.2
Invocations    | 1 |  1.7
Short Blades   | 1 |  1.5
Long Blades    | 1 |  1.5
Axes           | 1 |  1.5
Maces & Flails | 1 |  1.5
Staves         | 1 |  1.5
Slings         | 1 |  1.5
Bows           | 1 |  1.5
Crossbows      | 1 |  1.5
Stealth        | 1 |  1.5
Shields        | 1 |  1.5
Unarmed Combat | 1 |  1.5
Evocations     | 1 |  1.5
Conjurations   | 1 |  1.2
Hexes          | 1 |  1.2
Summonings     | 1 |  1.2
Necromancy     | 1 |  1.2
Transmutations | 1 |  1.2
Fire Magic     | 1 |  1.2
Ice Magic      | 1 |  1.2
Air Magic      | 1 |  1.2
Earth Magic    | 1 |  1.2
Poison Magic   | 1 |  1.2
Throwing       | 3 |  3.0
Armour         | 3 |  3.0
Fighting       | |  4.8
Polearms       | |  4.8
Dodging        | |  4.8
Translocations | |  5.5

Action                   |  1- 3 |  4- 6 || total
-------------------------+-------+-------++-------
Melee: Spear             |    97 |   212 ||   309
       Bite              |     4 |    28 ||    32
  Use: Scroll            |     1 |       ||     1
 Stab: Paralysed         |     2 |       ||     2
Armor: Leather armour    |    11 |       ||    11
       Plate armour      |    37 |   136 ||   173
Dodge: Dodged            |    35 |    39 ||    74
Block: Buckler           |    10 |    29 ||    39

Table legend: (Time is in decaauts)
 A = Elapsed time spent in this place.
 B = Non-inter-level travel time spent in this place.
 C = Inter-level travel time spent in this place.
 D = Time resting spent in this place.
 E = Time spent auto-exploring this place.
 F = Levels seen in this place.
 G = Mean time per level.
                   A        B        C        D        E       F      G
               +--------+--------+--------+--------+--------+-----+--------+
         Total |   2299 |   2261 |     38 |    734 |    827 |   3 |  766.3 |
       Dungeon |   2299 |   2261 |     38 |    734 |    827 |   3 |  766.3 |
               +--------+--------+--------+--------+--------+-----+--------+

Top non-repeatable levels by time:
     D:2: 1486 daAuts
     D:1: 640 daAuts
     D:3: 172 daAuts
